 Dungeon Sprint DCSS version 0.31-a0-818-ge7c7cf74f0 (webtiles) character file.

Game seed: 12851929620826661556

4 sircluck the Ruffian (level 1, -2/33 HPs)
             Began as a Troll Berserker on Sept 23, 2023.
             Was a Follower of Trog.
             Slain by a manticore (4 damage)
             ... in the Dungeon (Sprint VII: "The Pits").
             The game lasted 00:00:33 (74 turns).

sircluck the Ruffian (Troll Berserker)                Turns: 74, Time: 00:00:33

Health: -2/33      AC:  4    Str: 24    XL:     1   Next: 50%
Magic:  0/0        EV: 10    Int:  3    God:    Trog [*.....]
Gold:   0          SH:  0    Dex:  9    Spells: 0/0 levels left

rFire   . .          .
                       - Unarmed
rCold   . . .        (no shield)
rNeg    . . .        a - +0 animal skin
rPois   .            (helmet restricted)
rElec   .            (no cloak)
rCorr   .            (gloves unavailable)
SInv    .            (boots unavailable)
Will    .....        (no amulet) Stlth
                     (no ring)
HPRegen 1.05/turn    (no ring)
MPRegen 0.07/turn

%: no teleportation
@: berserking, very quick
A: large, unfitting armour, claws 3, regeneration 1, shaggy fur 1, tough skin 1
a: Renounce Religion, Berserk


You were in the Dungeon.
You worshipped Trog.
Trog was aware of your devotion.
You visited 1 branch

Inventory:

Armour
 a - a +0 animal skin (worn)
Scrolls
 g - a scroll of blinking
Potions
 b - a potion of curing
 c - a potion of heal wounds
 d - a potion of haste
 e - 2 potions of magic
 f - a potion of berserk rage


   Skills:
 + Level 2.8 Fighting
 + Level 2.9 Dodging
 + Level 3.5 Unarmed Combat


You couldn't memorise any spells.
You didn't know any spells.
Your spell library was empty.

Dungeon Overview and Level Annotations

Branches:
Dungeon (1/1)

Altars:


Innate Abilities, Weirdness & Mutations

You are too large for most types of armour.
You have claws for hands.
Your natural rate of healing is unusually fast.
You are covered in fur. (AC +1)
You have tough skin. (AC +1)


Message History

A frilled lizard is nearby!
You scratch the frilled lizard.
You kill the frilled lizard!
Trog accepts your kill.
You scratch the worm.
The worm is moderately wounded.
The worm bites you.
You scratch the worm.
The worm is moderately wounded.
You claw the worm!
The worm is severely wounded.
The worm barely misses you.
You claw the worm!
You kill the worm!
Trog accepts your kill.
No target in view!
No target in view!
You see here a worm corpse.
A manticore comes into view.
The manticore flicks its tail.
The volley of spikes misses you.
There is an open door to the Entrance Hall (Safe) here.
You start waiting.
A manticore is nearby!
You scratch the manticore.
The manticore is lightly wounded.
The manticore bites you!
Ouch! That really hurt!
The manticore claws you. The manticore misses you.
A red film seems to cover your vision as you go berserk!
You feel yourself moving faster!
You feel mighty! The manticore misses you.
The manticore claws you but does no damage.
The manticore claws you!
* * * LOW HITPOINT WARNING * * *
You scratch the manticore but do no damage.
The manticore is lightly wounded.
The manticore bites you.
* * * LOW HITPOINT WARNING * * *
The manticore claws you.
You die...

##########++###### ###
#................# ..#
#......#..#......##..#
#................++..#
+................++..#
#......#..#......##F..
#........H..†....# ...
####H#####''###### ###
#....@..##''#
#.......##..H.
#.......##...##
#...<...##..##
#.......##..#
#.......##..+
#.......# #########


You could see a manticore.

Vanquished Creatures
  A worm (D)
  A frilled lizard (D)
2 creatures vanquished.

Notes
Turn   | Place    | Note
-------+----------+-------------------------------------------
     0 | D        | sircluck the Troll Berserker began the quest for the Orb.
     0 | D        | Reached XP level 1. HP: 22/22 MP: 0/0
    26 | D        | Noticed a cane toad
    26 | D        | Noticed a cane toad
    61 | D        | Noticed a manticore
    74 | D        | Slain by a manticore

Illustrated notes

Levels and vault maps discovered:
D:        pitsprint [storerooms_1, entrance_room_1, metal_vault_7, armoury_2,
          mini_pit_1, grid_room_1, main_hall_1, silver_pit, the_coven_1,
          the_vestibule_1, steel_vault_5, golden_pit, hallway_of_sentries,
          crystal_vault_5, iron_vault_2, final_vault]

Action                     || total
---------------------------++-------
  Melee: Unarmed           ||     7
 Invoke: Berserk           ||     1
 Armour: Animal skin       ||     7
  Dodge: Dodged            ||     4

Table legend: (Time is in decaauts)
 A = Elapsed time spent in this place.
 B = Non-inter-level travel time spent in this place.
 C = Inter-level travel time spent in this place.
 D = Time resting spent in this place.
 E = Time spent auto-exploring this place.
 F = Levels seen in this place.
 G = Mean time per level.
                   A        B        C        D        E       F      G
               +--------+--------+--------+--------+--------+-----+--------+
         Total |     73 |     73 |      0 |      6 |      0 |   1 |   73.0 |
       Dungeon |     73 |     73 |      0 |      6 |      0 |   1 |   73.0 |
               +--------+--------+--------+--------+--------+-----+--------+

Top non-repeatable levels by time:
       D: 73 daAuts
